 Dungeon Crawl Stone Soup version 0.29-a0-341-g24ffce5b50 (webtiles) character file.

Game seed: 12534491598472037471

567 spaghetti the Caller (level 7, -15/52 HPs)
             Began as a Barachi Summoner on Apr 20, 2022.
             Was a Follower of Yredelemnul.
             Killed by an exploding orc zombie (34 damage)
             ... ignited by their inner flame
             ... on level 5 of the Dungeon.
             The game lasted 00:11:09 (6271 turns).

spaghetti the Caller (Barachi Summoner)             Turns: 6271, Time: 00:11:10

Health: -15/52     AC:  2    Str: 12    XL:     7   Next: 33%
Magic:  3/10       EV: 13    Int: 15    God:    Yredelemnul [*.....]
Gold:   220        SH:  0    Dex: 12    Spells: 4/10 levels left

rFire   . . .      SeeInvis .   o - +2 dagger (elec) {short}
rCold   . . .      Faith    .   (no shield)
rNeg    . . .      Spirit   .   a - +0 robe
rPois   .          Reflect  .   (no helmet)
rElec   .          Harm     .   (no cloak)
rCorr   .          Rampage  .   (no gloves)
Will    .....                   (no boots)
Stlth   ++........              (no amulet)
HPRegen 0.17/turn               (no ring)
MPRegen 0.12/turn               (no ring)

@: marked, unable to hop, slow
A: amphibious, slowness 1, strong legs 1, +LOS
a: Hop, Renounce Religion, Recall Undead Harvest


You were on level 5 of the Dungeon.
You worshipped Yredelemnul.
Yredelemnul was noncommittal.
You visited 1 branch of the dungeon, and saw 5 of its levels.

You collected 220 gold pieces.


Innate Abilities, Weirdness & Mutations

You are amphibious.
You cover ground slowly.
You can hop short distances.
You have an extended range of vision and can be seen from far away.


   Skills:
 + Level 3.0 Fighting
 * Level 4.5 Armour
 + Level 3.7 Dodging
 - Level 1.7 Stealth
 - Level 2.1 Spellcasting
 + Level 6.8 Summonings
 + Level 2.4 Invocations


You had 4 spell levels left.
You knew the following spells:

 Your Spells              Type           Power      Damage    Failure   Level
a - Summon Small Mammal   Summ           88%        N/A       1%          1
b - Call Imp              Summ           22%        N/A       1%          2
c - Call Canine Familiar  Summ           22%        N/A       3%          3

Your spell library contained the following spells:

 Spells                   Type           Power      Damage    Failure   Level
 Summon Guardian Golem    Hex/Summ       11%        N/A       16%         3
 Foxfire                  Conj/Fire      4%         2x1d4     22%         1
 Summon Lightning Spire   Summ/Air       11%        N/A       47%         4
 Conjure Flame            Conj/Fire      1%         6-21      54%         3
 Inner Flame              Hex/Fire       1%         N/A       54%         3
 Flame Wave               Conj/Fire      1%         2d4       91%         4

Inventory:

Hand Weapons
 d - a +0 dagger {short}
   (You took it off a kobold on level 1 of the Dungeon)
 e - a +0 spear {polearm}
   (You took it off a goblin on level 1 of the Dungeon)
 f - a +0 short sword {short}
   (You took it off a kobold on level 1 of the Dungeon)
 g - a +0 spear {polearm}
   (You took it off a gnoll on level 1 of the Dungeon)
 h - a +0 dagger {short}
   (You found it on level 1 of the Dungeon)
 i - a +0 dagger {short}
   (You took it off a goblin on level 1 of the Dungeon)
 k - a +0 dagger {short}
   (You found it on level 1 of the Dungeon)
 m - a +0 dagger {short}
   (You took it off a kobold on level 1 of the Dungeon)
 o - a +2 dagger of electrocution (weapon) {short}
   (You took it off a kobold on level 1 of the Dungeon)
 A - a +3 flail {mace}
   (You found it on level 3 of the Dungeon)
 E - a +3 dagger {short}
   (You took it off an orc on level 4 of the Dungeon)
Missiles
 c - 210 stones (quivered) {throwing}
 j - a throwing net {=f!fthrowing}
 y - 3 boomerangs {throwing}
Armour
 a - a +0 robe (worn)
Jewellery
 v - a ring of fire
   (You found it on level 3 of the Dungeon)
Scrolls
 l - a scroll of summoning {unknown}
 n - 6 scrolls of identify {unknown}
 s - 2 scrolls of teleportation {@r4}
 z - a scroll of enchant armour {unknown}
 B - a scroll of acquirement {unknown}
 D - a scroll of vulnerability {unknown}
 F - 2 scrolls of fog {unknown}
 G - a scroll of silence {unknown}
Potions
 b - a potion of magic
 q - 3 potions of heal wounds {unknown}
 r - 3 potions of brilliance {unknown}
 t - 4 potions of curing {@q1}
 u - a potion of degeneration {unknown}
 w - a potion of cancellation {unknown}
 x - a potion of resistance {unknown}
 C - a potion of haste {unknown}
 H - a potion of mutation {unknown}

Dungeon Overview and Level Annotations

Branches:
Dungeon (5/15)             Temple (0/1) D:4

Altars:
Cheibriados
Ru
Yredelemnul

#......... ###
#...<.... ..# ####
##....... ... ...
#.......# #.##.Z
#.......# #..#.#
#.ZZ....# #...Z
##.oooZ## ##..#
#..§.h..#### ##.Z
#..§§@.....#### ##.#
#..§.§.z##....#####...
##.....######........#
##.....#####......#..
#####...>5Z###.)...#
######Z.Z##.....
###Z.#####. ##.####..
# #......#


You could see 3 orcs, a friendly hound (summoned, inner flame), a friendly wight
(summoned, inner flame), a friendly hound zombie (inner flame) and 2 friendly
orc zombies.


Message History

The hound closely misses you.
Your adder zombie misses the hound. 😮 HP[-4]
You take 4 damage, and now have 37/52 hp.
You miss the hound. You punch the hound, but do no damage.
Your hound bites the hound.
The hound barely misses you.
Your adder zombie bites the hound.
The orc barely misses you.
Your hound completely misses the hound.
You closely miss the hound. The hound misses you.
Your hound barely misses the hound.
Your adder zombie barely misses the hound.
The orc hits you with a +0 dagger of pain.
The orc pulls the alarm!
The alarm trap emits a blaring wail!
A sentinel's mark forms upon you. The hound barely misses you.
You hear a shout! x5; You hear a bark! x4; You hear an angry hiss. 😮 HP[-4]
You take 4 damage, and now have 33/52 hp.
Unknown command.
You begin recalling your allies.
Your orc zombie is recalled. x2; Your spectral jelly is recalled.
Your hound closely misses the hound.
The hound misses you.
Your adder zombie closely misses the hound.
The orc misses you.
Your hound bites the hound.
Your orc zombie hits the hound. 😮 MP[-2]
You lost 2 mp, and now have 6/10 mp.
Unknown command.
Unknown command.
You hit the hound.
Your orc zombie is recalled.
You finish recalling your allies.
The hound closely misses you.
Your hound barely misses the hound.
Your adder zombie bites the hound but does no damage.
Your orc zombie barely misses the hound.
The hound bites you.
The orc hits you with a +0 dagger of pain.
* * * LOW HITPOINT WARNING * * *
You writhe in agony.
* * * LOW HITPOINT WARNING * * *
Your orc zombie hits the orc but does no damage.
The orc misses you.
Your orc zombie hits the orc.
Your orc zombie completely misses the hound. 😨 HP[-8]
You take 8 damage, and now have 25/52 hp.
You hit the hound.
Your hound bites the hound but does no damage.
Your adder zombie barely misses the hound.
The hound misses you.
The orc hits you with a +0 dagger of pain.
* * * LOW HITPOINT WARNING * * *
The orc hits you with a +0 whip.
* * * LOW HITPOINT WARNING * * *
Your orc zombie closely misses the hound.
Your hound bites the hound.
Your orc zombie barely misses the orc. 😨 HP[-7]
You take 7 damage, and now have 18/52 hp.
Okay, then.
You aren't carrying any items that you can evoke.
Unknown command.
Your legs are too worn out to hop.
You swap places.
The hound bites your hound.
Your adder zombie completely misses the hound.
Your hound bites the hound but does no damage.
Your orc zombie closely misses the orc.
Your orc zombie hits the hound.
The hound dies!
A black mist starts to gather...
The orc hits your orc zombie with a +0 dagger of pain.
Your spectral jelly misses the orc.
The orc hits your spectral jelly with a +0 whip.
The orc barely misses your adder zombie.
The orc hits your spectral jelly with a +0 war axe!
Your adder zombie bites the orc.
Your orc zombie barely misses the orc.
Your hound bites the orc.
Your orc zombie hits the orc.
You can now trade souls for undead servants. 😨 HP[+1] MP[+1] Yredelemnul sends a servant to aid you.
Yredelemnul accepts your bounty of souls!
You can no longer trade souls for undead servants.
Your orc zombie closely misses the orc.
The orc hits your orc zombie with a +0 dagger of pain.
The orc hits your spectral jelly with a +0 whip.
Your hound bites the orc.
Your spectral jelly hits the orc.
The orc completely misses your hound.
The orc hits your spectral jelly with a +0 hand axe.
Your spectral jelly is destroyed!
The orc hits your orc zombie with a +0 hand axe.
The orc hits your orc zombie with a +0 war axe. 😨 MP[-4]
You lost 4 mp, and now have 3/10 mp.
Unknown command.
Okay, then.
Okay, then.
As you read the scroll labelled IHERETO WETZA, it crumbles to dust.
The creatures around you are filled with an inner flame!
It was a scroll of immolation.
Your orc zombie barely misses the orc.
The orc hits your orc zombie with a +0 dagger of pain.
The fiery explosion engulfs the orc!!
The fiery explosion engulfs you!!
Ouch! That really hurt!
You die...
Your body rises from the dead as a mindless zombie.

Skill      XL: |  1  2  3  4  5  6  7 |
---------------+----------------------+-----
Summonings     | 5 6 |  6.8
Armour         | 1 2 3 4 |  4.5
Fighting       | 1 2 3 |  3.0
Invocations    | 1 2 |  2.4
Dodging        | 3 |  3.7
Stealth        | |  1.7
Spellcasting   | |  2.1

Action                   |  1- 3 |  4- 6 |  7- 9 || total
-------------------------+-------+-------+-------++-------
Melee: Unarmed           |    42 |       |       ||    42
       Punch             |     2 |     2 |     1 ||     5
       Dagger            |    23 |   117 |    19 ||   159
Throw: Stone             |    20 |     3 |       ||    23
 Cast: Summon Small Mamm |    22 |    15 |     2 ||    39
       Call Imp          |     5 |    15 |     1 ||    21
       Call Canine Famil |       |    19 |     2 ||    21
Invok: Recall Undead Har |       |     2 |     1 ||     3
       Dark Bargain      |       |     2 |     1 ||     3
 Abil: Hop               |     4 |     2 |     1 ||     7
  Use: Scroll            |     1 |       |     1 ||     2
       Potion            |     1 |       |       ||     1
 Stab: Sleeping          |     3 |     3 |       ||     6
Armor: Robe              |    23 |    17 |       ||    40
Dodge: Dodged            |    66 |    66 |    17 ||   149

Levels and vault maps discovered:
D:1:      dpeg_arrival_tiny_c, layout_loops_ring, minmay_octomino_e4
D:2:      layout_loops_corners, nicolae_ecumenical_oubliette
D:3:      layout_basic, minmay_misc_feat_pillars, feat_on_display
D:4:      layout_basic, gammafunk_temple_overflow_elements,
          minmay_temple_entry_tees
D:5:      layout_rooms, minmay_misc_feat_rows

Notes
Turn   | Place    | Note
-------+----------+-------------------------------------------
     0 | D:1      | spaghetti the Barachi Summoner began the quest for the Orb.
     0 | D:1      | Reached XP level 1. HP: 13/13 MP: 3/3
     0 | D:1      | magus.rc [v1.9.6]
    22 | D:1      | Reached skill level 5 in Summonings
   255 | D:1      | Reached XP level 2. HP: 13/19 MP: 1/5
   368 | D:1      | You pick up a book of Flames and begin reading...
   368 | D:1      | You add the spells Foxfire, Conjure Flame, Inner Flame and
                  | Flame Wave to your library.
   487 | D:2      | Found a faded altar of an unknown god.
   616 | D:2      | Prayed at the altar of an unknown god.
   616 | D:2      | Became a worshipper of Yredelemnul the Dark
   616 | D:2      | Reached * piety under Yredelemnul
   654 | D:1      | Learned a level 2 spell: Call Imp
   877 | D:1      | Reached XP level 3. HP: 7/24 MP: 4/6
  1208 | D:1      | You pick up a book of Flames and begin reading...
  1320 | D:1      | Reached skill level 6 in Summonings
  1620 | D:1      | Reached ** piety under Yredelemnul
  2118 | D:2      | Reached skill level 1 in Armour
  2152 | D:2      | Reached XP level 4. HP: 31/31 MP: 7/7
  2156 | D:2      | Learned a level 3 spell: Call Canine Familiar
  2370 | D:2      | Reached skill level 1 in Fighting
  2370 | D:2      | Reached skill level 1 in Invocations
  2871 | D:2      | Reached skill level 2 in Armour
  2958 | D:2      | Reached XP level 5. HP: 34/37 MP: 8/8
  4570 | D:4      | Reached skill level 3 in Armour
  4570 | D:4      | Reached skill level 3 in Dodging
  4570 | D:4      | Reached XP level 6. HP: 40/44 MP: 3/9
  4633 | D:4      | Reached skill level 2 in Fighting
  4791 | D:4      | Reached skill level 2 in Invocations
  5088 | D:4      | Found a staircase to the Ecumenical Temple.
  5712 | D:4      | Found a sacrificial altar of Ru.
  5712 | D:4      | Found a snail-covered altar of Cheibriados.
  5728 | D:5      | Entered Level 5 of the Dungeon
  5931 | D:5      | Reached skill level 4 in Armour
  6012 | D:5      | Noticed a black bear
  6027 | D:5      | Killed a black bear
  6028 | D:5      | Reached XP level 7. HP: 51/51 MP: 1/10
  6260 | D:5      | Reached skill level 3 in Fighting
  6271 | D:5      | Killed by an exploding orc zombie... ignited by their inner
                  | flame

Vanquished Creatures
  A hound (D:4)
  An orc wizard (D:5)
  A gnoll (D:2)
  7 adders
  2 worms
  3 dart slugs
  11 orcs
  An endoplasm (D:2)
  3 giant cockroaches
  5 goblins
  5 hobgoblins
  3 jackals (D:2)
  A quokka (D:4)
  3 ball pythons
  2 bats (D:1)
  3 frilled lizards
  3 kobolds
  4 rats
59 creatures vanquished.

Vanquished Creatures (collateral kills)
  A black bear (D:5)
  A howler monkey (D:4)
  A hound (D:5)
  A jelly (D:5)
  An iguana (D:4)
  2 adders (D:3)
  9 gnolls
  6 orcs
  A ball python (D:1)
  6 endoplasms
  A giant cockroach (D:3)
  5 goblins
  5 hobgoblins
  4 kobolds
  2 quokkas
  2 bats
  A frilled lizard (D:1)
49 creatures vanquished.

Vanquished Creatures (others)
  A hound zombie (D:4)
  A spectral jelly (D:5)
  2 adder zombies (D:2)
  2 bat zombies
  5 gnoll zombies
  A dart slug zombie (D:2)
  A frilled lizard zombie (D:2)
  A giant cockroach zombie (D:2)
  2 goblin zombies (D:2)
  2 hobgoblin zombies
  2 jackal zombies (D:2)
  An orc zombie (D:5)
21 creatures vanquished.

Grand Total: 129 creatures vanquished

Table legend:
 A = Non-vault XP
 B = Vault XP
 C = Vault XP percentage of total XP
 D = Non-vault monster count
 E = Vault monster count
 F = Vault count percentage of total count
                 A         B        C        D         E       F
            +---------+---------+-------+---------+---------+-------
      Total |     808 |       6 |   0.7 |     105 |       3 |   2.8
            +---------+---------+-------+---------+---------+-------
        D:1 |      54 |       6 |  10.0 |      25 |       3 |  10.7
        D:2 |     163 |       0 |   0.0 |      26 |       0 |   0.0
        D:3 |      72 |       0 |   0.0 |      14 |       0 |   0.0
        D:4 |     219 |       0 |   0.0 |      24 |       0 |   0.0
        D:5 |     300 |       0 |   0.0 |      16 |       0 |   0.0
            +---------+---------+-------+---------+---------+-------

Illustrated notes

Table legend:
 A = Kills in this place as a percentage of kills in entire the game.
 B = Kills by you in this place as a percentage of kills by you in the entire game.
 C = Kills by friends in this place as a percentage of kills by friends in the entire game.
 D = Other kills in this place as a percentage of other kills in the entire game.
 E = Experience gained in this place as a percentage of experience gained in the entire game.
 F = Experience gained in this place divided by the number of levels of this place that you have seen.
                   A       B       C       D       E      F
               +-------+-------+-------+-------+-------+----------------------
         Total | 100.0 | 100.0 | 100.0 |   N/A | 100.0 | 162.8
       Dungeon | 100.0 | 100.0 | 100.0 |   N/A | 100.0 | 162.8
               +-------+-------+-------+-------+-------+----------------------

Table legend: (Time is in decaauts)
 A = Elapsed time spent in this place.
 B = Non-inter-level travel time spent in this place.
 C = Inter-level travel time spent in this place.
 D = Time resting spent in this place.
 E = Time spent auto-exploring this place.
 F = Levels seen in this place.
 G = Mean time per level.
                   A        B        C        D        E       F      G
               +--------+--------+--------+--------+--------+-----+--------+
         Total |   7227 |   7017 |    210 |    454 |   5651 |   5 | 1445.4 |
       Dungeon |   7227 |   7017 |    210 |    454 |   5651 |   5 | 1445.4 |
               +--------+--------+--------+--------+--------+-----+--------+

Top non-repeatable levels by time:
     D:1: 1997 daAuts
     D:2: 1898 daAuts
     D:4: 1505 daAuts
     D:3: 1244 daAuts
     D:5: 582 daAuts
